Map: Echo LE (Void)

Players

Neeblet (Neeb) - Winner!

  • Race: Protoss Protoss
  • Spawn Location: 11:00

Bly

  • Race: Zerg Zerg
  • League: Grandmaster
  • Spawn Location: 5:00

Event: NationWars IV

VOD

https://www.youtube.com/watch?v=iKiDjwbcqDc

Description

Time

  • Played on: Dec. 23, 2016, 1:58 p.m.
  • Length: 14:22

All games in this series

Show
View Real Time Build Order
Export as new Build Order

Neeblet Protoss - Winner!

Build Orders:  

Get SALT Encoding   

  12  0:00  Probe (Chrono Boost)  
  13  0:11  Probe (Chrono Boost)  
  14  0:19  Pylon  
  14  0:23  Probe (Chrono Boost)  
  15  0:37  Probe (Chrono Boost)  
  15  0:42  Gateway  
  16  0:47  Probe (Chrono Boost)  
  17  0:52  Assimilator  
  17  0:58  Probe (Chrono Boost)  
  18  1:08  Probe (Chrono Boost)  
  19  1:23  Probe (Chrono Boost)  
  19  1:25  Zealot  
  23  1:48  Probe (Chrono Boost)  
  23  1:49  Pylon  
  23  2:07  Cybernetics Core  
  24  2:08  Probe (Chrono Boost)  
  24  2:35  Nexus  
  24  2:39  Probe (Chrono Boost)  
  24  2:41  Adept  
  25  2:48  Warp Gate  
  28  2:52  Probe (Chrono Boost)  
  28  3:03  Pylon  
  28  3:04  Probe (Chrono Boost)  
  29  3:09  Assimilator  
  29  3:15  Probe (Chrono Boost)  
  30  3:22  Stargate  
  30  3:25  Probe (Chrono Boost)  
  31  3:36  Probe (Chrono Boost)  
  32  3:46  Probe (Chrono Boost)  
  32  3:48  Probe (Chrono Boost)  
  34  3:52  Gateway  
  34  3:54  Gateway  
  34  3:56  Adept  
  34  3:57  Probe (Chrono Boost)  
  37  4:03  Probe (Chrono Boost), Oracle  
  42  4:10  Probe (Chrono Boost)  
  42  4:13  Probe (Chrono Boost)  
  43  4:21  Pylon  
  43  4:23  Probe (Chrono Boost)  
  45  4:24  Probe (Chrono Boost)  
  45  4:34  Void Ray  
  45  4:35  Probe x2 (Chrono Boost)  
  45  4:45  Probe (Chrono Boost)  
  51  4:47  Probe (Chrono Boost)  
  51  4:50  Adept x2  
  51  4:51  Adept  
  57  4:56  Probe (Chrono Boost)  
  58  5:00  Pylon  
  58  5:10  Probe x2 (Chrono Boost)  
  60  5:14  Adept  
  60  5:21  Adept x2  
  64  5:22  Nexus  
  64  5:26  Probe (Chrono Boost)  
  67  5:29  Probe (Chrono Boost)  
  67  5:32  Assimilator x2  
  68  5:40  Mothership Core (Chrono Boost)  
  70  5:48  Forge  
  70  5:56  Probe (Chrono Boost)  
  69  5:59  Probe (Chrono Boost)  
  68  6:05  Robotics Facility  
  68  6:07  Probe (Chrono Boost)  
  68  6:08  Robotics Facility  
  70  6:12  Probe (Chrono Boost)  
  70  6:13  Assimilator  
  70  6:15  Assimilator  
  70  6:17  Pylon  
  70  6:18  Pylon  
  70  6:24  Probe (Chrono Boost)  
  70  6:26  Probe (Chrono Boost)  
  70  6:29  Protoss Ground Weapons Level 1  
  62  6:35  Probe (Chrono Boost)  
  62  6:38  Probe (Chrono Boost)  
  64  6:40  Probe (Chrono Boost)  
  66  6:47  Probe (Chrono Boost)  
  66  6:50  Probe (Chrono Boost), Twilight Council, Zealot x3  
  66  6:51  Probe (Chrono Boost)  
  72  6:55  Pylon  
  72  6:56  Immortal  
  72  6:57  Pylon  
  72  6:59  Probe (Chrono Boost)  
  72  7:00  Observer  
  77  7:02  Probe (Chrono Boost)  
  77  7:03  Probe (Chrono Boost)  
  78  7:11  Probe (Chrono Boost)  
  78  7:13  Sentry x3  
  78  7:14  Probe (Chrono Boost)  
  78  7:15  Probe (Chrono Boost)  
  87  7:19  Immortal  
  88  7:23  Probe (Chrono Boost)  
  88  7:26  Charge, Probe (Chrono Boost)  
  88  7:27  Probe (Chrono Boost)  
  88  7:28  Gateway  
  88  7:29  Gateway  
  94  7:30  Gateway  
  94  7:35  Probe (Chrono Boost)  
  95  7:37  Immortal  
  99  7:46  Probe x2 (Chrono Boost)  
  99  7:49  Pylon  
  99  7:51  Probe (Chrono Boost)  
  102  7:54  Zealot x2  
  102  7:55  Sentry  
  108  8:02  Immortal  
  112  8:07  Gateway  
  112  8:09  Templar Archives  
  112  8:12  Gateway  
  112  8:14  Immortal  
  116  8:24  Protoss Ground Weapons Level 2, Pylon  
  120  8:48  Immortal  
  120  8:50  Photon Cannon  
  120  8:52  Photon Cannon  
  120  8:53  Photon Cannon, Resonating Glaives  
  120  8:54  Photon Cannon  
  124  8:57  Photon Cannon  
  120  9:06  Stalker  
  120  9:07  Stalker x4  
  130  9:16  Stalker  
  132  9:19  Pylon  
  132  9:20  Pylon  
  132  9:22  Pylon x2  
  132  9:23  Pylon  
  132  9:32  Warp Prism  
  134  9:40  Stalker x5  
  134  9:43  Stalker  
  146  9:47  Stalker  
  144  10:02  Nexus  
  144  10:06  Pylon  
  144  10:07  Pylon  
  144  10:08  Stalker x3  
  149  10:17  Blink  
  149  10:20  Stalker x4  
  150  10:40  Protoss Ground Weapons Level 3  
  136  10:47  Stalker x7  
  136  10:48  Stalker  
  122  11:16  Stalker x6  
  122  11:17  Stalker x2  
  120  11:39  Stalker x2  
  124  11:40  Stalker x5  
  124  11:42  Sentry  
  136  11:50  Pylon  
  136  11:54  Assimilator x2  
  136  12:02  Probe (Chrono Boost)  
  136  12:03  Probe x2 (Chrono Boost)  
  136  12:04  Probe (Chrono Boost)  
  136  12:13  Probe (Chrono Boost), High Templar x4  
  136  12:14  Zealot x4  
  136  12:15  Probe x2 (Chrono Boost)  
  156  12:16  Probe (Chrono Boost)  
  156  12:17  Archon x2  
  154  12:24  Probe (Chrono Boost)  
  154  12:27  Probe (Chrono Boost)  
  150  12:44  Stalker x4  
  150  12:45  Stalker x2  
  150  12:46  Stalker x2  
  160  13:09  Stalker x6  
  160  13:10  Stalker x2  
  164  13:34  Stalker x4  
  164  13:35  Stalker x4  
  180  13:52  Photon Cannon  
Show
View Real Time Build Order
Export as new Build Order

Bly Zerg 

Build Orders: Hatch First 

Get SALT Encoding   

  12  0:01  Drone  
  13  0:13  Overlord  
  13  0:18  Drone  
  14  0:31  Drone x2  
  16  0:37  Drone  
  17  0:59  Hatchery  
  16  1:14  Hatchery  
  16  1:18  Drone  
  16  1:22  Drone  
  16  1:23  Evolution Chamber  
  16  1:24  Drone  
  19  1:42  Hatchery  
  19  1:46  Spawning Pool  
  17  1:48  Extractor  
  17  1:51  Drone  
  17  1:53  Drone  
  18  1:59  Evolution Chamber  
  18  2:02  Drone x2  
  21  2:16  Hatchery  
  21  2:22  Extractor  
  19  2:25  Drone x2  
  19  2:27  Drone  
  22  2:32  Queen  
  24  2:38  Queen  
  24  2:43  Extractor  
  26  2:46  Overlord  
  26  2:51  Zergling x4  
  28  2:58  Metabolic Boost  
  28  3:14  Drone x5  
  34  3:20  Drone, Queen  
  36  3:28  Drone x2  
  38  3:36  Drone x2  
  38  3:44  Drone x3  
  38  3:45  Drone  
  38  3:46  Drone  
  42  3:51  Overlord x2  
  42  4:02  Spore Crawler  
  40  4:04  Drone x2  
  42  4:11  Drone x2  
  45  4:17  Drone x5  
  49  4:38  Drone x7  
  54  4:39  Drone  
  54  4:43  Lair, Roach Warren, Overlord  
  54  4:44  Extractor  
  54  4:45  Extractor  
  54  4:53  Spore Crawler  
  54  4:55  Spore Crawler  
  54  4:58  Spore Crawler, Drone x4  
  55  5:02  Overlord  
  52  5:12  Drone x2  
  52  5:13  Drone x7  
  60  5:21  Drone x3  
  61  5:28  Zergling x2  
  61  5:29  Zergling x6  
  61  5:34  Zergling x2  
  65  5:39  Overlord  
  65  5:40  Overlord  
  65  5:41  Glial Reconstitution, Hatchery  
  64  5:53  Overlord  
  51  6:04  Zergling x12  
  51  6:07  Drone x7  
  63  6:25  Drone x2  
  60  6:28  Drone  
  60  6:29  Drone x3  
  62  6:34  Extractor  
  62  6:37  Hydralisk Den  
  62  6:39  Drone  
  60  6:40  Drone x2  
  60  6:45  Drone x2  
  63  7:01  Overlord  
  61  7:03  Drone  
  61  7:04  Spire, Drone x7  
  67  7:14  Extractor  
  67  7:15  Extractor  
  65  7:16  Drone x10  
  65  7:18  Hydralisk  
  77  7:23  Spore Crawler  
  77  7:25  Overlord, Drone x2  
  77  7:28  Drone  
  79  7:33  Hydralisk  
  79  7:45  Drone  
  79  7:47  Drone x6  
  86  7:59  Hatchery  
  85  8:06  Extractor  
  85  8:07  Drone x2  
  85  8:11  Zergling x10  
  90  8:18  Mutalisk x2  
  95  8:20  Overlord  
  95  8:21  Overlord  
  95  8:29  Hatchery  
  93  8:40  Mutalisk x9  
  110  8:43  Zergling x2  
  110  8:44  Overlord x6  
  109  8:59  Muscular Augments  
  109  9:02  Extractor  
  108  9:04  Extractor  
  107  9:14  Drone  
  107  9:15  Drone x11  
  119  9:21  Evolution Chamber  
  117  9:28  Hydralisk  
  117  9:29  Hydralisk x8  
  131  9:33  Baneling Nest  
  130  9:51  Mutalisk x6  
  138  9:59  Zergling x2  
  135  10:00  Zergling x24  
  135  10:01  Hatchery  
  146  10:15  Zerg Melee Weapons Level 1  
  146  10:21  Zergling x20  
  155  10:25  Baneling x4  
  155  10:26  Baneling x9  
  155  10:28  Hatchery  
  133  10:45  Mutalisk x4  
  133  10:47  Zergling x14  
  133  10:48  Zergling x14  
  139  10:52  Zergling x4  
  127  11:00  Zergling x10  
  132  11:05  Centrifical Hooks  
  119  11:19  Mutalisk x4  
  119  11:20  Mutalisk  
  127  11:27  Baneling x2  
  127  11:31  Zergling x16  
  135  11:33  Extractor  
  135  11:34  Extractor  
  135  11:36  Hatchery  
  135  11:38  Baneling x8  
  135  11:39  Baneling  
  132  11:40  Zergling x4  
  132  11:41  Zergling x14  
  132  11:45  Zergling x2  
  142  11:48  Baneling  
  142  11:49  Baneling x4  
  142  11:53  Drone x5  
  147  11:56  Zergling x10  
  152  12:11  Mutalisk x4  
  160  12:20  Overlord x2  
  160  12:21  Overlord  
  160  12:22  Zerg Flyer Weapons Level 1, Drone x2  
  161  12:23  Drone  
  161  12:25  Drone x2  
  161  12:26  Drone x3  
  161  12:40  Mutalisk x4  
  161  12:42  Zergling x10  
  161  12:43  Zergling x14  
  171  12:51  Zergling x16  
  171  12:54  Baneling x3  
  168  13:07  Mutalisk x2  
  168  13:08  Mutalisk x3  
  168  13:10  Zergling x12  
  150  13:29  Zergling x18  
  150  13:30  Zergling x2  
  150  13:38  Baneling x21  
  149  13:43  Hydralisk x7  
  149  13:47  Zergling x2  
  149  13:48  Zergling x2  
  165  13:54  Baneling x4  
Tags
 
Add a new tag
Caveats
  • Supply blocks, unpowered buildings, or Contaminate may cause inaccurate times.
  • Supply counts are checked every 10 seconds.